AoeStats
← 93老玩家回归

Lombardia

510082164Analyzed
4v4 RM · 2d ago on Sep 29, 2026· 29m 57s· 8 players
Game mode
Random Map
Map size
Large (8 player)
Population
200
Speed
Normal
Resources
Standard
Victory
Conquest
Starting age
Dark Age
Ending age
Imperial Age
RankedLock teamsTeams togetherTeam positionsShared explorationLock speedFull tech treeHidden civsTurbo modeCheats
Victory
Defeat
🇹🇼 Danes · Taiwan
1483
+11
🇨🇳 Franks · China
1378
+15
🇨🇳 Vietnamese · China
1377
+15
🇹🇼 Mapuche · Taiwan
1351
+15
🇨🇳 Japanese · China
1411
-16
🇦🇷 Mongols · Argentina
1400
-16
🇨🇳 Turks · China
1374
-15
🇨🇳 Vietnamese · China
1231
-9
ALmotema
10:32 Feudal Age
14:12 Castle Age
12:15 Horse Collar
12:34 Double-Bit Axe
14:20 Fletching
15:27 Bow Saw
15:21 Loom
15:45 Bodkin Arrow
25:47 Wheelbarrow
25:40 Padded Archer Armor
26:02 Heavy Plow
26:29 Ballistics
26:18 Gold Mining
28:05 Leather Archer Armor
28:34 Gold Shaft Mining
29:00 Stone Mining
30:54 Stone Shaft Mining
Evlstn
8:48 Loom
10:33 Feudal Age
16:27 Castle Age
14:57 Double-Bit Axe
14:54 Horse Collar
20:00 Bow Saw
21:18 Gold Mining
24:18 Scale Mail Armor
24:21 Squires
24:07 Arson
25:20 Chain Mail Armor
25:16 Forging
26:12 Stone Mining
26:26 Heavy Plow
28:05 Iron Casting
XHK
6:42 Loom
9:22 Feudal Age
10:22 Double-Bit Axe
16:51 Gold Mining
21:01 Castle Age
20:23 Wheelbarrow
19:57 Scale Barding Armor
20:20 Forging
22:03 Husbandry
22:25 Chain Barding Armor
21:27 Light Cavalry
22:35 Bow Saw
25:17 Iron Casting
30:32 Hand Cart
30:03 Town Watch
菜菜
6:10 Loom
8:56 Feudal Age
9:29 Double-Bit Axe
10:11 Horse Collar
11:32 Gold Mining
12:15 Fletching
19:43 Castle Age
18:17 Padded Archer Armor
20:41 Bow Saw
19:53 Crossbowman
20:30 Bodkin Arrow
22:04 Wheelbarrow
24:09 Ballistics
24:22 Stone Mining
24:39 Heavy Plow
28:20 Hand Cart
28:34 Leather Archer Armor
93老玩家回归
10:19 Feudal Age
16:53 Castle Age
16:06 Double-Bit Axe
17:58 Loom
19:11 Bow Saw
20:11 Wheelbarrow
19:33 Horse Collar
21:46 Fletching
28:53 Hand Cart
小花花
2:40 Loom
11:58 Feudal Age
17:37 Castle Age
16:12 Horse Collar
16:20 Double-Bit Axe
25:05 Fletching
29:54 Thumb Ring
06老玩家回归
10:35 Feudal Age
14:37 Castle Age
13:06 Double-Bit Axe
13:39 Horse Collar
15:05 Gold Mining
17:07 Fletching
19:41 Loom
21:25 Husbandry
22:16 Bloodlines
22:32 Bodkin Arrow
23:01 Padded Archer Armor
27:54 Wheelbarrow
28:00 Gold Mining
28:01 Stone Mining
29:13 Ballistics
MALETA
9:46 Feudal Age
12:24 Wheelbarrow
12:56 Loom
15:54 Castle Age
13:56 Double-Bit Axe
17:25 Bow Saw
18:43 Horse Collar
23:29 Fletching
Connection lost

Rejoining the realm…

Still unreachable

The connection could not be restored.

Session expired

The server has moved on; the page needs a fresh start.